WCHLSIM.com - West Coast Hockey League
html PUBLIC "-//W3C//DTD XHTML 1.0 Transitional//EN" "http://www.w3.org/TR/xhtml1/DTD/xhtml1-transitional.dtd"> WCHL - Game 376 - OAKLAND GORILLAS vs LAS VEGAS LIZARD KINGS

OAKLAND GORILLAS vs LAS VEGAS LIZARD KINGS

Created - 3 décembre 2022 at 07:04

Goals
1 2 3 T
OAKLAND GORILLAS 2 2 3 7
LAS VEGAS LIZARD KINGS 1 2 0 3
Shots
1 2 3 T
OAKLAND GORILLAS 7 9 17 33
LAS VEGAS LIZARD KINGS 9 12 6 27

1st period

1. OAKLAND GORILLAS , Brock Boeser 7 (Nico Hischier 18) at 0:10
2. OAKLAND GORILLAS , Brock Boeser 8 (Zachary Werenski 8, Paul Stastny 5) at 2:58 (PP)
3. LAS VEGAS LIZARD KINGS , Jeff Carter 5 (Evan Rodrigues 13) at 12:18

Penalties :
Zemgus Girgensons (LVG) for High sticking (Minor) at 1:45, Tyler Myers (OAK) for Diving (Minor) at 3:16

2nd period

4. LAS VEGAS LIZARD KINGS , Jeff Carter 6 (Victor Olofsson 5) at 0:10
5. LAS VEGAS LIZARD KINGS , Zemgus Girgensons 5 (John Marino 4, Brandon Hagel 6) at 3:45
6. OAKLAND GORILLAS , David Kampf 5 (Travis Boyd 3) at 9:28
7. OAKLAND GORILLAS , Brock Boeser 9 (Paul Stastny 6, Zachary Werenski 9) at 13:11 (PP)

Penalties :
Nico Sturm (OAK) for Hooking (Minor) at 1:23, Matt Roy (LVG) for Roughing (Minor) at 7:21, Jack Johnson (LVG) for Elbowing (Minor) at 12:28, Travis Boyd (OAK) for Slashing (Minor) at 14:01

3rd period

8. OAKLAND GORILLAS , Paul Stastny 7 (Jesse Puljujarvi 9) at 11:51
9. OAKLAND GORILLAS , Nico Hischier 4 (Boone Jenner 14) at 19:02 (PP)
10. OAKLAND GORILLAS , Paul Stastny 8 (Nico Hischier 19, Joel Farabee 9) at 19:44

Penalties :
Hampus Lindholm (OAK) for Roughing (Minor) at 4:03, John Klingberg (LVG) for Cross-checking (Minor) at 18:56

Goalie Stats

James Reimer (OAK), 24 saves from 27 shots - (0,889), W, 12-6-1, 60:00 minutes
Mikko Koskinen (LVG), 26 saves from 33 shots - (0,788), L, 8-6-3, 60:00 minutes

Players Stats for OAKLAND GORILLAS

Player Name              G  A  P  +/- PIM S  H  SB GA TA FO     MP     PP MP  PK MP  
------------------------------------------------------------------------------------
Boone Jenner             0  1  1  -1  0   1  1  0  0  0  6/10    8:25   1:54   0:00 
Brock Boeser             3  0  3   0  0   5  0  0  0  0  0/0    16:04   2:07   0:00 
Calle Jarnkrok           0  0  0   0  0   4  1  0  0  0  3/4    16:54   0:00   3:16 
Cameron York             0  0  0  -2  0   1  0  1  0  0  0/0    18:19   1:59   0:30 
Conor Garland            0  0  0   0  0   3  2  0  0  0  0/0    15:22   1:54   0:00 
David Kampf              1  0  1   0  0   3  1  0  0  0  2/4    18:15   0:00   4:37 
Hampus Lindholm          0  0  0   2  2   0  5  3  0  0  0/0    20:58   2:02   3:07 
Jesse Puljujarvi         0  1  1   1  0   3  1  0  0  0  0/2    16:07   0:00   4:40 
Joel Farabee             0  1  1   2  0   3  3  0  0  0  0/0    19:49   2:07   3:16 
Jonas Siegenthaler       0  0  0   2  0   0  4  0  0  0  0/0    19:45   0:00   3:55 
Martin Fehervary         0  0  0  -2  0   0  0  0  0  0  0/0    17:17   0:00   1:27 
Mason Appleton           0  0  0  -1  0   1  0  0  0  0  0/0     6:31   0:00   0:00 
Nico Hischier            1  2  3   1  0   2  0  1  0  0  10/18  17:55   1:54   0:03 
Nico Sturm               0  0  0  -1  2   0  0  0  0  0  0/0     6:30   0:00   0:00 
Paul Stastny             2  2  4   2  0   5  1  1  0  0  14/24  16:33   2:07   0:00 
Travis Boyd              0  1  1   0  2   1  0  0  0  0  10/16  13:37   0:00   0:00 
Tyler Myers              0  0  0   1  2   1  0  1  0  0  0/0    21:19   1:59   2:58 
Zachary Werenski         0  2  2   1  0   0  0  1  0  0  0/0    22:20   2:02   3:55 

Players Stats for LAS VEGAS LIZARD KINGS

Player Name              G  A  P  +/- PIM S  H  SB GA TA FO     MP     PP MP  PK MP  
------------------------------------------------------------------------------------
Brandon Hagel            0  1  1   1  0   0  0  0  0  0  0/1    12:23   0:00   0:00 
Brayden McNabb           0  0  0  -1  0   0  3  2  0  0  0/0    23:52   3:59   2:27 
Drake Caggiula           0  0  0  -1  0   1  0  1  0  0  0/0     4:46   0:00   0:00 
Dylan Gambrell           0  0  0  -1  0   2  2  0  0  0  2/8     4:46   0:00   0:00 
Evan Rodrigues           0  1  1   1  0   3  2  0  0  0  2/3    18:38   4:12   0:00 
Jack Johnson             0  0  0   1  2   0  1  2  0  0  0/0    13:41   0:00   0:46 
Jeff Carter              2  0  2   1  0   7  3  0  0  0  15/25  20:06   4:12   1:28 
John Klingberg           0  0  0  -1  2   0  2  0  0  0  0/0    22:38   3:59   1:14 
John Marino              0  1  1   1  0   0  2  0  0  0  0/0    13:42   0:00   0:46 
Johnny Gaudreau          0  0  0  -2  0   4  0  1  0  0  1/1    22:45   3:44   2:33 
Matt Roy                 0  0  0  -1  2   1  4  2  0  0  0/0    22:25   3:57   0:48 
Matthew Nieto            0  0  0  -1  0   1  1  0  0  0  0/1     4:46   0:00   0:00 
Nick Leddy               0  0  0  -1  0   0  1  1  0  0  0/0    23:39   3:57   2:01 
Nino Niederreiter        0  0  0  -2  0   1  3  1  0  0  1/2    21:40   3:44   1:28 
Ryan Nugent-Hopkins      0  0  0  -2  0   1  1  0  0  0  6/25   22:45   3:44   2:33 
Sean Monahan             0  0  0   1  0   3  0  1  0  0  4/10   12:23   0:00   0:00 
Victor Olofsson          0  1  1   1  0   1  1  0  0  0  0/0    18:38   4:12   0:00 
Zemgus Girgensons        1  0  1   1  2   2  1  0  0  0  2/2    12:22   0:00   0:00 

3 Stars

1 - Paul Stastny (OAK)
2 - Brock Boeser (OAK)
3 - Nico Hischier (OAK)

Power Play

OAKLAND GORILLAS - 3 on 4 Attempt(s) - 75,00%
LAS VEGAS LIZARD KINGS - 0 on 4 Attempt(s) - 0,00%

Penalty Kill

OAKLAND GORILLAS - 4 on 4 Attempt(s) - 100,00% - Score 0 goal in Penalty Kill
LAS VEGAS LIZARD KINGS - 1 on 4 Attempt(s) - 25,00% - Score 0 goal in Penalty Kill

Team Stat

OAKLAND GORILLAS - Hits : 19 - Faceoff Wins : 45 - Blocked Shots : 8 - Penalty Minutes : 8
LAS VEGAS LIZARD KINGS - Hits : 27 - Faceoff Wins : 33 - Blocked Shots : 11 - Penalty Minutes : 8

Official

Referees : Dan Kelly and Brad Meier
Linesman : Matt Brady and Pierre Racicot

Game Notes

Brock Boeser has scored a Hat Trick!
Jesse Puljujarvi is injured at 12:54 of 3rd period (Torso)

Finance

Level 1 -- Attendance: 4914 (78,37%) -- Ticket Income 1 081 080 $
Level 2 -- Attendance: 4162 (65,85%) -- Ticket Income 624 300 $
Level 3 -- Attendance: 1733 (82,92%) -- Ticket Income 225 290 $
Level 4 -- Attendance: 2968 (68,70%) -- Ticket Income 296 800 $
Luxury Box -- Attendance: 791 (79,10%) -- Ticket Income 316 400 $
Game was played at the Casino Square Garden.
Total Attendance: 14568 (72,84%)
Total Ticket Income: 2 543 870 $
Other Expense: 25 439 $
Total Income: 2 518 431 $

OAKLAND GORILLAS

5 vs 5 Forward 
   Center                   Left Wing                Right Wing               Time % Phy DF OF 
 1 Nico Hischier            Conor Garland            Brock Boeser             29     1   2  2  
 2 Paul Stastny             Joel Farabee             Jesse Puljujarvi         29     1   2  2  
 3 Travis Boyd              David Kampf              Calle Jarnkrok           27     1   2  2  
 4 Boone Jenner             Nico Sturm               Mason Appleton           15     1   2  2  

5 vs 5 Defense 
   Defense                  Defense                                           Time % Phy DF OF 
 1 Zachary Werenski         Tyler Myers                                       34     1   2  2  
 2 Hampus Lindholm          Jonas Siegenthaler                                33     1   2  2  
 3 Cameron York             Martin Fehervary                                  33     1   2  2  
 4 Hampus Lindholm          Zachary Werenski                                  0      1   2  2  

PowerPlay Forward 
   Center                   Left Wing                Right Wing               Time % Phy DF OF 
 1 Nico Hischier            Boone Jenner             Conor Garland            50     1   2  2  
 2 Paul Stastny             Joel Farabee             Brock Boeser             50     1   2  2  

PowerPlay Defense
   Defense                  Defense                                           Time % Phy DF OF 
 1 Zachary Werenski         Hampus Lindholm                                   55     1   2  2  
 2 Cameron York             Tyler Myers                                       45     1   2  2  

Penalty Kill 4 Players Forward 
   Center                   Wing                     Time % Phy DF OF 
 1 David Kampf              Jesse Puljujarvi         55     1   2  2  
 2 Calle Jarnkrok           Joel Farabee             45     1   2  2  

Penalty Kill 4 Players Defense
   Defense                  Defense                  Time % Phy DF OF 
 1 Hampus Lindholm          Tyler Myers              51     1   2  2  
 2 Zachary Werenski         Jonas Siegenthaler       49     1   2  2  

Penalty Kill - 3 Players Forward 
   Forward                                           Time % Phy DF OF 
 1 Nico Hischier                                     55     1   2  2  
 2 Paul Stastny                                      45     1   2  2  

Penalty Kill - 3 Players Defense
   Defense                  Defense                  Time % Phy DF OF 
 1 Hampus Lindholm          Tyler Myers              50     1   2  2  
 2 Jonas Siegenthaler       Zachary Werenski         50     1   2  2  

4 vs 4 Forward 
   Center                   Wing                     Time % Phy DF OF 
 1 Nico Hischier            Brock Boeser             55     1   2  2  
 2 Paul Stastny             Conor Garland            45     1   2  2  

4 vs 4 Defense
   Defense                  Defense                  Time % Phy DF OF 
 1 Zachary Werenski         Tyler Myers              55     1   2  2  
 2 Hampus Lindholm          Martin Fehervary         45     1   2  2  

Last Minutes Offensive
   Center                   Left Wing                Right Wing               Defense                  Defense                  
   Nico Hischier            Paul Stastny             Brock Boeser             Zachary Werenski         Hampus Lindholm          

Last Minutes Defensive
   Center                   Left Wing                Right Wing               Defense                  Defense                  
   Nico Hischier            Boone Jenner             Paul Stastny             Hampus Lindholm          Tyler Myers              

Goaltenders
Starting : James Reimer             
Backup : Alexandar Georgiev       

Extra Forwards
Normal : Nico Hischier, Conor Garland, Brock Boeser - PP : Calle Jarnkrok, Joel Farabee - PK : Nico Hischier
Extra Defensemen
Normal : Zachary Werenski, Hampus Lindholm, Tyler Myers - PP : Jonas Siegenthaler - PK : Martin Fehervary, Cameron York
Penalty Shots
Brock Boeser, Nico Hischier, Conor Garland, Paul Stastny, Jesse Puljujarvi
Custom OT Lines Forwards
Nico Hischier, Boone Jenner, Conor Garland, Brock Boeser, Paul Stastny, Jesse Puljujarvi, Calle Jarnkrok, Joel Farabee, David Kampf, Mason Appleton
Custom OT Lines Defensemen
Zachary Werenski, Tyler Myers, Hampus Lindholm, Martin Fehervary, Jonas Siegenthaler

Scratches
Patrik Laine (Dislocated Patella Injury)

LAS VEGAS LIZARD KINGS

5 vs 5 Forward 
   Center                   Left Wing                Right Wing               Time % Phy DF OF 
 1 Ryan Nugent-Hopkins      Johnny Gaudreau          Nino Niederreiter        36     1   2  2  
 2 Jeff Carter              Evan Rodrigues           Victor Olofsson          31     1   2  2  
 3 Sean Monahan             Brandon Hagel            Zemgus Girgensons        23     1   2  2  
 4 Dylan Gambrell           Drake Caggiula           Matthew Nieto            10     1   2  2  

5 vs 5 Defense 
   Defense                  Defense                                           Time % Phy DF OF 
 1 Brayden McNabb           John Klingberg                                    36     1   2  2  
 2 Nick Leddy               Matt Roy                                          31     1   2  2  
 3 John Marino              Jack Johnson                                      23     1   2  2  
 4 Brayden McNabb           John Klingberg                                    10     1   2  2  

PowerPlay Forward 
   Center                   Left Wing                Right Wing               Time % Phy DF OF 
 1 Ryan Nugent-Hopkins      Johnny Gaudreau          Nino Niederreiter        55     1   2  2  
 2 Jeff Carter              Evan Rodrigues           Victor Olofsson          45     1   2  2  

PowerPlay Defense
   Defense                  Defense                                           Time % Phy DF OF 
 1 Brayden McNabb           John Klingberg                                    55     1   2  2  
 2 Nick Leddy               Matt Roy                                          45     1   2  2  

Penalty Kill 4 Players Forward 
   Center                   Wing                     Time % Phy DF OF 
 1 Ryan Nugent-Hopkins      Johnny Gaudreau          55     1   2  2  
 2 Jeff Carter              Nino Niederreiter        45     1   2  2  

Penalty Kill 4 Players Defense
   Defense                  Defense                  Time % Phy DF OF 
 1 Brayden McNabb           John Klingberg           55     1   2  2  
 2 Nick Leddy               Matt Roy                 45     1   2  2  

Penalty Kill - 3 Players Forward 
   Forward                                           Time % Phy DF OF 
 1 Zemgus Girgensons                                 55     1   2  2  
 2 Evan Rodrigues                                    45     1   2  2  

Penalty Kill - 3 Players Defense
   Defense                  Defense                  Time % Phy DF OF 
 1 Brayden McNabb           John Klingberg           55     1   2  2  
 2 Nick Leddy               Matt Roy                 45     1   2  2  

4 vs 4 Forward 
   Center                   Wing                     Time % Phy DF OF 
 1 Johnny Gaudreau          Ryan Nugent-Hopkins      55     1   2  2  
 2 Jeff Carter              Nino Niederreiter        45     1   2  2  

4 vs 4 Defense
   Defense                  Defense                  Time % Phy DF OF 
 1 Brayden McNabb           John Klingberg           55     1   2  2  
 2 Nick Leddy               Matt Roy                 45     1   2  2  

Last Minutes Offensive
   Center                   Left Wing                Right Wing               Defense                  Defense                  
   Ryan Nugent-Hopkins      Johnny Gaudreau          Nino Niederreiter        Brayden McNabb           John Klingberg           

Last Minutes Defensive
   Center                   Left Wing                Right Wing               Defense                  Defense                  
   Ryan Nugent-Hopkins      Johnny Gaudreau          Nino Niederreiter        Brayden McNabb           John Klingberg           

Goaltenders
Starting : Mikko Koskinen           
Backup : Spencer Knight           

Extra Forwards
Normal : Drake Caggiula, Brandon Hagel, Sean Monahan - PP : Drake Caggiula, Brandon Hagel - PK : Sean Monahan
Extra Defensemen
Normal : John Marino, Jack Johnson, Nick Leddy - PP : John Marino - PK : Jack Johnson, Nick Leddy
Penalty Shots
Johnny Gaudreau, Ryan Nugent-Hopkins, Jeff Carter, Nino Niederreiter, Evan Rodrigues
Custom OT Lines Forwards
Johnny Gaudreau, Ryan Nugent-Hopkins, Jeff Carter, Nino Niederreiter, Evan Rodrigues, Brandon Hagel, Victor Olofsson, Sean Monahan, Zemgus Girgensons, Matthew Nieto
Custom OT Lines Defensemen
Brayden McNabb, John Klingberg, Nick Leddy, Matt Roy, John Marino

Scratches
None


% Time on Ice - OAKLAND GORILLAS

Lines # - Real PCT - Wanted PCT - Time Play
Normal Forward
1 - 28% - 29% - 13:28
2 - 30% - 29% - 14:26
3 - 28% - 27% - 13:38
4 - 14% - 15% - 6:31
Normal Defense
1 - 34% - 34% - 16:23
2 - 33% - 33% - 15:50
3 - 33% - 33% - 15:50
4 - 0% - 0% - 0:00
PP Forward
1 - 47% - 50% - 1:54
2 - 53% - 50% - 2:07
PP Defense
1 - 51% - 55% - 2:02
2 - 49% - 45% - 1:59
PK Forward
1 - 59% - 55% - 4:40
2 - 41% - 45% - 3:16
PK Defense
1 - 51% - 51% - 4:01
2 - 49% - 49% - 3:55
PK3 Forward
1 - 0% - 55%
2 - 0% - 45%
PK3 Defense
1 - 0% - 50%
2 - 0% - 50%
44 Forward
1 - 0% - 55%
2 - 0% - 45%
44 Defense
1 - 0% - 55%
2 - 0% - 45%
Last Minute Offensive  - 0:00
Last Minute Defensive  - 0:00
Total
Forward - 60:00
Defense - 60:00

% Time on Ice - LAS VEGAS LIZARD KINGS

Lines # - Real PCT - Wanted PCT - Time Play
Normal Forward
1 - 34% - 36% - 16:28
2 - 30% - 31% - 14:26
3 - 26% - 23% - 12:23
4 - 10% - 10% - 4:46
Normal Defense
1 - 32% - 36% - 15:21
2 - 37% - 31% - 17:41
3 - 27% - 23% - 12:56
4 - 4% - 10% - 2:05
PP Forward
1 - 47% - 55% - 3:44
2 - 53% - 45% - 4:12
PP Defense
1 - 50% - 55% - 3:59
2 - 50% - 45% - 3:57
PK Forward
1 - 63% - 55% - 2:33
2 - 37% - 45% - 1:28
PK Defense
1 - 31% - 55% - 1:14
2 - 69% - 45% - 2:47
PK3 Forward
1 - 0% - 55%
2 - 0% - 45%
PK3 Defense
1 - 0% - 55%
2 - 0% - 45%
44 Forward
1 - 0% - 55%
2 - 0% - 45%
44 Defense
1 - 0% - 55%
2 - 0% - 45%
Last Minute Offensive  - 0:00
Last Minute Defensive  - 0:00
Total
Forward - 60:00
Defense - 60:00

Play-by-Play

1st period


0:01 of 1st period - Nico Hischier wins face-off versus Ryan Nugent-Hopkins in neutral zone.
0:10 of 1st period - Shot by Brock Boeser.
0:10 of 1st period - Goal by Brock Boeser - OAKLAND GORILLAS : 1 - LAS VEGAS LIZARD KINGS : 0.
0:11 of 1st period - Jeff Carter wins face-off versus Paul Stastny in neutral zone.
0:48 of 1st period - Shot by Joel Farabee.
0:48 of 1st period - Stopped by Mikko Koskinen with a rebound.
1:19 of 1st period - Calle Jarnkrok is hit by John Marino and loses puck.
1:45 of 1st period - Minor Penalty to Zemgus Girgensons for High sticking.
1:46 of 1st period - Nico Hischier wins face-off versus Ryan Nugent-Hopkins in LAS VEGAS LIZARD KINGS zone.
2:19 of 1st period - Matt Roy is hit by Conor Garland.
2:42 of 1st period - Icing by Zachary Werenski.
2:43 of 1st period - Paul Stastny wins face-off versus Ryan Nugent-Hopkins in OAKLAND GORILLAS zone.
2:45 of 1st period - Icing by Joel Farabee.
2:46 of 1st period - Paul Stastny wins face-off versus Ryan Nugent-Hopkins in OAKLAND GORILLAS zone.
2:54 of 1st period - Brock Boeser is hit by Brayden McNabb.
2:58 of 1st period - Shot by Brock Boeser.
2:58 of 1st period - Goal by Brock Boeser - OAKLAND GORILLAS : 2 - LAS VEGAS LIZARD KINGS : 0.
2:59 of 1st period - Travis Boyd wins face-off versus Ryan Nugent-Hopkins in neutral zone.
3:16 of 1st period - Minor Penalty to Tyler Myers for Diving.
3:17 of 1st period - Jeff Carter wins face-off versus David Kampf in OAKLAND GORILLAS zone.
4:18 of 1st period - Shot by Joel Farabee.
4:18 of 1st period - Shot Blocked by Brayden McNabb.
4:20 of 1st period - Shot by Calle Jarnkrok.
4:20 of 1st period - Stopped by Mikko Koskinen without a rebound.
4:21 of 1st period - Calle Jarnkrok wins face-off versus Ryan Nugent-Hopkins in LAS VEGAS LIZARD KINGS zone.
4:37 of 1st period - Shot by Brayden McNabb.
4:37 of 1st period - Shot Misses the Net.
4:59 of 1st period - Shot by Joel Farabee.
4:59 of 1st period - Shot Misses the Net.
5:31 of 1st period - Shot by Dylan Gambrell.
5:31 of 1st period - Stopped by James Reimer without a rebound.
5:32 of 1st period - Sean Monahan wins face-off versus Boone Jenner in OAKLAND GORILLAS zone.
5:37 of 1st period - Shot by Brandon Hagel.
5:37 of 1st period - Shot Misses the Net.
5:41 of 1st period - Shot by Sean Monahan.
5:41 of 1st period - Stopped by James Reimer without a rebound.
5:42 of 1st period - Jeff Carter wins face-off versus Nico Hischier in OAKLAND GORILLAS zone.
5:54 of 1st period - Icing by Zachary Werenski.
5:55 of 1st period - Nico Hischier wins face-off versus Ryan Nugent-Hopkins in OAKLAND GORILLAS zone.
6:02 of 1st period - Shot by Brock Boeser.
6:02 of 1st period - Shot Misses the Net.
6:29 of 1st period - Shot by Conor Garland.
6:29 of 1st period - Shot Blocked by Nino Niederreiter.
6:57 of 1st period - Shot by Calle Jarnkrok.
6:57 of 1st period - Stopped by Mikko Koskinen with a rebound.
7:03 of 1st period - Shot by Calle Jarnkrok.
7:03 of 1st period - Shot Misses the Net.
7:26 of 1st period - Shot by Calle Jarnkrok.
7:26 of 1st period - Deflect By Travis Boyd.
7:26 of 1st period - Stopped by Mikko Koskinen without a rebound.
7:27 of 1st period - Zemgus Girgensons wins face-off versus Paul Stastny in LAS VEGAS LIZARD KINGS zone.
7:40 of 1st period - Off-side.
7:41 of 1st period - Boone Jenner wins face-off versus Jeff Carter in neutral zone.
7:41 of 1st period - Mason Appleton is hit by Jeff Carter and loses puck.
7:46 of 1st period - Boone Jenner is hit by Evan Rodrigues and loses puck.
7:59 of 1st period - Shot by Evan Rodrigues.
7:59 of 1st period - Stopped by James Reimer without a rebound.
8:00 of 1st period - Paul Stastny wins face-off versus Sean Monahan in OAKLAND GORILLAS zone.
8:05 of 1st period - John Marino is hit by Jesse Puljujarvi and loses puck.
8:12 of 1st period - Shot by Jesse Puljujarvi.
8:12 of 1st period - Shot Misses the Net.
8:14 of 1st period - Shot by Jesse Puljujarvi.
8:14 of 1st period - Shot Misses the Net.
8:16 of 1st period - Shot by Paul Stastny.
8:16 of 1st period - Stopped by Mikko Koskinen without a rebound.
8:17 of 1st period - Jeff Carter wins face-off versus Nico Hischier in LAS VEGAS LIZARD KINGS zone.
8:17 of 1st period - Jeff Carter is hit by Conor Garland.
8:22 of 1st period - Matt Roy is hit by Hampus Lindholm and loses puck.
8:28 of 1st period - Jeff Carter is hit by Hampus Lindholm.
8:33 of 1st period - Icing by Nico Hischier.
8:34 of 1st period - Ryan Nugent-Hopkins wins face-off versus Nico Hischier in OAKLAND GORILLAS zone.
8:36 of 1st period - Nino Niederreiter is hit by Hampus Lindholm and loses puck.
8:41 of 1st period - Shot by Johnny Gaudreau.
8:41 of 1st period - Stopped by James Reimer with a rebound.
8:43 of 1st period - Shot by Ryan Nugent-Hopkins.
8:43 of 1st period - Shot Misses the Net.
8:58 of 1st period - Johnny Gaudreau is hit by Jonas Siegenthaler and loses puck.
9:41 of 1st period - Shot by Evan Rodrigues.
9:41 of 1st period - Shot Misses the Net.
9:49 of 1st period - Shot by Evan Rodrigues.
9:49 of 1st period - Shot Blocked by Hampus Lindholm.
9:55 of 1st period - Shot by Evan Rodrigues.
9:55 of 1st period - Shot Misses the Net.
9:57 of 1st period - Shot by Evan Rodrigues.
9:57 of 1st period - Shot Blocked by Nico Hischier.
10:03 of 1st period - Shot by Evan Rodrigues.
10:03 of 1st period - Stopped by James Reimer without a rebound.
10:04 of 1st period - Paul Stastny wins face-off versus Sean Monahan in OAKLAND GORILLAS zone.
10:08 of 1st period - Off-side.
10:09 of 1st period - Paul Stastny wins face-off versus Brandon Hagel in neutral zone.
10:30 of 1st period - Shot by Sean Monahan.
10:30 of 1st period - Deflect By Brandon Hagel.
10:30 of 1st period - Shot Misses the Net.
12:18 of 1st period - Shot by Jeff Carter.
12:18 of 1st period - Goal by Jeff Carter - OAKLAND GORILLAS : 2 - LAS VEGAS LIZARD KINGS : 1.
12:19 of 1st period - Jeff Carter wins face-off versus Boone Jenner in neutral zone.
12:24 of 1st period - Shot by Jeff Carter.
12:24 of 1st period - Shot Blocked by Hampus Lindholm.
12:52 of 1st period - Shot by Boone Jenner.
12:52 of 1st period - Shot Blocked by Matt Roy.
13:04 of 1st period - Shot by Jeff Carter.
13:04 of 1st period - Stopped by James Reimer without a rebound.
13:05 of 1st period - Paul Stastny wins face-off versus Dylan Gambrell in OAKLAND GORILLAS zone.
13:05 of 1st period - Paul Stastny is hit by Dylan Gambrell.
13:25 of 1st period - Shot by Paul Stastny.
13:25 of 1st period - Shot Misses the Net.
13:33 of 1st period - Shot by Dylan Gambrell.
13:33 of 1st period - Stopped by James Reimer without a rebound.
13:34 of 1st period - Nico Hischier wins face-off versus Sean Monahan in OAKLAND GORILLAS zone.
14:53 of 1st period - Off-side.
14:54 of 1st period - Paul Stastny wins face-off versus Jeff Carter in neutral zone.
15:30 of 1st period - Shot by Jeff Carter.
15:30 of 1st period - Stopped by James Reimer without a rebound.
15:31 of 1st period - Calle Jarnkrok wins face-off versus Ryan Nugent-Hopkins in OAKLAND GORILLAS zone.
15:31 of 1st period - Calle Jarnkrok is hit by Nino Niederreiter.
15:41 of 1st period - Zachary Werenski is hit by Ryan Nugent-Hopkins and loses puck.
16:19 of 1st period - Travis Boyd is hit by Nino Niederreiter and loses puck.
17:06 of 1st period - Shot by Drake Caggiula.
17:06 of 1st period - Shot Misses the Net.
17:21 of 1st period - Icing by Zachary Werenski.
17:22 of 1st period - Jeff Carter wins face-off versus Travis Boyd in OAKLAND GORILLAS zone.
17:29 of 1st period - Shot by Victor Olofsson.
17:29 of 1st period - Deflect By Jeff Carter.
17:29 of 1st period - Shot Misses the Net.
18:03 of 1st period - Icing by Jack Johnson.
18:04 of 1st period - Evan Rodrigues wins face-off versus Paul Stastny in LAS VEGAS LIZARD KINGS zone.
18:04 of 1st period - Evan Rodrigues is hit by Joel Farabee.
18:15 of 1st period - Jeff Carter is hit by Jonas Siegenthaler and loses puck.
19:05 of 1st period - Johnny Gaudreau is hit by Hampus Lindholm and loses puck.
19:33 of 1st period - Jesse Puljujarvi is hit by Zemgus Girgensons and loses puck.
Goals for this period are 2 for OAKLAND GORILLAS vs 1 for LAS VEGAS LIZARD KINGS.
Shots for this period are 7 for OAKLAND GORILLAS vs 9 for LAS VEGAS LIZARD KINGS.

2nd period


0:01 of 2nd period - Jeff Carter wins face-off versus Boone Jenner in neutral zone.
0:08 of 2nd period - Shot by Jeff Carter.
0:08 of 2nd period - Deflect By Victor Olofsson.
0:08 of 2nd period - Shot Misses the Net.
0:10 of 2nd period - Shot by Jeff Carter.
0:10 of 2nd period - Goal by Jeff Carter - OAKLAND GORILLAS : 2 - LAS VEGAS LIZARD KINGS : 2.
0:11 of 2nd period - Nino Niederreiter wins face-off versus Nico Hischier in neutral zone.
0:32 of 2nd period - Shot by Nico Hischier.
0:32 of 2nd period - Shot Blocked by Brayden McNabb.
0:40 of 2nd period - Shot by Johnny Gaudreau.
0:40 of 2nd period - Stopped by James Reimer without a rebound.
0:41 of 2nd period - Boone Jenner wins face-off versus Jeff Carter in OAKLAND GORILLAS zone.
0:50 of 2nd period - Shot by Boone Jenner.
0:50 of 2nd period - Shot Misses the Net.
1:02 of 2nd period - Shot by Evan Rodrigues.
1:02 of 2nd period - Deflect By Jeff Carter.
1:02 of 2nd period - Shot Misses the Net.
1:23 of 2nd period - Minor Penalty to Nico Sturm for Hooking.
1:24 of 2nd period - Ryan Nugent-Hopkins wins face-off versus David Kampf in OAKLAND GORILLAS zone.
2:04 of 2nd period - Icing by Brayden McNabb.
2:05 of 2nd period - Calle Jarnkrok wins face-off versus Nino Niederreiter in LAS VEGAS LIZARD KINGS zone.
3:11 of 2nd period - Icing by Evan Rodrigues.
3:12 of 2nd period - David Kampf wins face-off versus Jeff Carter in LAS VEGAS LIZARD KINGS zone.
3:45 of 2nd period - Shot by Zemgus Girgensons.
3:45 of 2nd period - Goal by Zemgus Girgensons - OAKLAND GORILLAS : 2 - LAS VEGAS LIZARD KINGS : 3.
3:46 of 2nd period - Boone Jenner wins face-off versus Ryan Nugent-Hopkins in neutral zone.
4:25 of 2nd period - Shot by Johnny Gaudreau.
4:25 of 2nd period - Stopped by James Reimer without a rebound.
4:26 of 2nd period - Zemgus Girgensons wins face-off versus Nico Hischier in OAKLAND GORILLAS zone.
4:41 of 2nd period - Shot by Nico Hischier.
4:41 of 2nd period - Shot Misses the Net.
4:43 of 2nd period - Shot by Conor Garland.
4:43 of 2nd period - Shot Misses the Net.
5:02 of 2nd period - Conor Garland is hit by Matt Roy and loses puck.
5:08 of 2nd period - Icing by Nick Leddy.
5:09 of 2nd period - Paul Stastny wins face-off versus Sean Monahan in LAS VEGAS LIZARD KINGS zone.
5:11 of 2nd period - Jesse Puljujarvi is hit by Nick Leddy and loses puck.
5:34 of 2nd period - Shot by Jesse Puljujarvi.
5:34 of 2nd period - Stopped by Mikko Koskinen without a rebound.
5:35 of 2nd period - Travis Boyd wins face-off versus Jeff Carter in LAS VEGAS LIZARD KINGS zone.
5:35 of 2nd period - David Kampf is hit by Brayden McNabb and loses puck.
5:45 of 2nd period - Shot by Jeff Carter.
5:45 of 2nd period - Shot Misses the Net.
5:47 of 2nd period - Shot by Brayden McNabb.
5:47 of 2nd period - Shot Misses the Net.
5:49 of 2nd period - Shot by Jeff Carter.
5:49 of 2nd period - Shot Misses the Net.
6:23 of 2nd period - Evan Rodrigues is hit by Calle Jarnkrok and loses puck.
6:37 of 2nd period - David Kampf is hit by John Marino and loses puck.
7:06 of 2nd period - Shot by Ryan Nugent-Hopkins.
7:06 of 2nd period - Stopped by James Reimer with a rebound.
7:18 of 2nd period - Shot by Jesse Puljujarvi.
7:18 of 2nd period - Stopped by Mikko Koskinen without a rebound.
7:19 of 2nd period - Nico Hischier wins face-off versus Dylan Gambrell in LAS VEGAS LIZARD KINGS zone.
7:21 of 2nd period - Minor Penalty to Matt Roy for Roughing.
7:22 of 2nd period - Nico Hischier wins face-off versus Ryan Nugent-Hopkins in LAS VEGAS LIZARD KINGS zone.
8:30 of 2nd period - Shot by Brock Boeser.
8:30 of 2nd period - Shot Hit the Post.
8:32 of 2nd period - Shot by Cameron York.
8:32 of 2nd period - Stopped by Mikko Koskinen with a rebound.
8:34 of 2nd period - Shot by Tyler Myers.
8:34 of 2nd period - Stopped by Mikko Koskinen without a rebound.
8:35 of 2nd period - Jeff Carter wins face-off versus Paul Stastny in LAS VEGAS LIZARD KINGS zone.
9:20 of 2nd period - Shot by Conor Garland.
9:20 of 2nd period - Shot Misses the Net.
9:22 of 2nd period - Shot by David Kampf.
9:22 of 2nd period - Shot Misses the Net.
9:26 of 2nd period - Shot by Calle Jarnkrok.
9:26 of 2nd period - Stopped by Mikko Koskinen without a rebound.
9:27 of 2nd period - Travis Boyd wins face-off versus Dylan Gambrell in LAS VEGAS LIZARD KINGS zone.
9:28 of 2nd period - Shot by David Kampf.
9:28 of 2nd period - Goal by David Kampf - OAKLAND GORILLAS : 3 - LAS VEGAS LIZARD KINGS : 3.
9:29 of 2nd period - Travis Boyd wins face-off versus Sean Monahan in neutral zone.
9:42 of 2nd period - Shot by Brandon Hagel.
9:42 of 2nd period - Shot Blocked by Hampus Lindholm.
9:44 of 2nd period - Shot by Sean Monahan.
9:44 of 2nd period - Stopped by James Reimer without a rebound.
9:45 of 2nd period - Nico Hischier wins face-off versus Jeff Carter in OAKLAND GORILLAS zone.
9:47 of 2nd period - Icing by Brock Boeser.
9:48 of 2nd period - Jeff Carter wins face-off versus Nico Hischier in OAKLAND GORILLAS zone.
9:59 of 2nd period - Shot by Evan Rodrigues.
9:59 of 2nd period - Shot Blocked by Tyler Myers.
10:03 of 2nd period - Shot by Jeff Carter.
10:03 of 2nd period - Stopped by James Reimer without a rebound.
10:04 of 2nd period - Ryan Nugent-Hopkins wins face-off versus Paul Stastny in OAKLAND GORILLAS zone.
10:17 of 2nd period - Shot by Nino Niederreiter.
10:17 of 2nd period - Shot Misses the Net.
10:39 of 2nd period - Shot by Nino Niederreiter.
10:39 of 2nd period - Stopped by James Reimer with a rebound.
11:24 of 2nd period - Shot by Victor Olofsson.
11:24 of 2nd period - Shot Misses the Net.
11:57 of 2nd period - Icing by Jack Johnson.
11:58 of 2nd period - Sean Monahan wins face-off versus Travis Boyd in LAS VEGAS LIZARD KINGS zone.
12:27 of 2nd period - Travis Boyd is hit by Jack Johnson and loses puck.
12:28 of 2nd period - Minor Penalty to Jack Johnson for Elbowing.
12:29 of 2nd period - Paul Stastny wins face-off versus Ryan Nugent-Hopkins in LAS VEGAS LIZARD KINGS zone.
12:30 of 2nd period - Shot by Brock Boeser.
12:30 of 2nd period - Stopped by Mikko Koskinen without a rebound.
12:31 of 2nd period - Paul Stastny wins face-off versus Ryan Nugent-Hopkins in LAS VEGAS LIZARD KINGS zone.
12:33 of 2nd period - Brock Boeser is hit by John Klingberg.
13:01 of 2nd period - Shot by Zachary Werenski.
13:01 of 2nd period - Shot Misses the Net.
13:11 of 2nd period - Shot by Brock Boeser.
13:11 of 2nd period - Goal by Brock Boeser - OAKLAND GORILLAS : 4 - LAS VEGAS LIZARD KINGS : 3.
13:12 of 2nd period - Boone Jenner wins face-off versus Dylan Gambrell in neutral zone.
13:12 of 2nd period - Boone Jenner is hit by Dylan Gambrell.
13:16 of 2nd period - Shot by Nico Sturm.
13:16 of 2nd period - Shot Blocked by Nick Leddy.
13:18 of 2nd period - Shot by Boone Jenner.
13:18 of 2nd period - Deflect By Mason Appleton.
13:18 of 2nd period - Shot Misses the Net.
13:20 of 2nd period - Shot by Cameron York.
13:20 of 2nd period - Shot Blocked by Matt Roy.
13:28 of 2nd period - Shot by Boone Jenner.
13:28 of 2nd period - Deflect By Mason Appleton.
13:28 of 2nd period - Shot Misses the Net.
13:46 of 2nd period - Shot by Mason Appleton.
13:46 of 2nd period - Stopped by Mikko Koskinen without a rebound.
13:47 of 2nd period - Travis Boyd wins face-off versus Ryan Nugent-Hopkins in LAS VEGAS LIZARD KINGS zone.
14:01 of 2nd period - Minor Penalty to Travis Boyd for Slashing.
14:02 of 2nd period - Jeff Carter wins face-off versus Jesse Puljujarvi in OAKLAND GORILLAS zone.
14:28 of 2nd period - Shot by Jeff Carter.
14:28 of 2nd period - Stopped by James Reimer without a rebound.
14:29 of 2nd period - Ryan Nugent-Hopkins wins face-off versus Calle Jarnkrok in OAKLAND GORILLAS zone.
16:02 of 2nd period - Shot by Victor Olofsson.
16:02 of 2nd period - Stopped by James Reimer without a rebound.
16:03 of 2nd period - Nico Hischier wins face-off versus Sean Monahan in OAKLAND GORILLAS zone.
16:22 of 2nd period - Shot by Sean Monahan.
16:22 of 2nd period - Shot Misses the Net.
17:59 of 2nd period - Paul Stastny is hit by Victor Olofsson and loses puck.
18:17 of 2nd period - Paul Stastny is hit by John Klingberg and loses puck.
18:38 of 2nd period - Shot by Evan Rodrigues.
18:38 of 2nd period - Stopped by James Reimer without a rebound.
18:39 of 2nd period - Nico Hischier wins face-off versus Dylan Gambrell in OAKLAND GORILLAS zone.
18:39 of 2nd period - Nico Hischier is hit by Matthew Nieto.
19:09 of 2nd period - Shot by Drake Caggiula.
19:09 of 2nd period - Shot Misses the Net.
19:11 of 2nd period - Shot by Dylan Gambrell.
19:11 of 2nd period - Deflect By Matthew Nieto.
19:11 of 2nd period - Stopped by James Reimer without a rebound.
19:12 of 2nd period - Travis Boyd wins face-off versus Ryan Nugent-Hopkins in OAKLAND GORILLAS zone.
19:22 of 2nd period - Icing by Matt Roy.
19:23 of 2nd period - Boone Jenner wins face-off versus Ryan Nugent-Hopkins in LAS VEGAS LIZARD KINGS zone.
Goals for this period are 2 for OAKLAND GORILLAS vs 2 for LAS VEGAS LIZARD KINGS.
Shots for this period are 9 for OAKLAND GORILLAS vs 12 for LAS VEGAS LIZARD KINGS.

3rd period


0:01 of 3rd period - Travis Boyd wins face-off versus Ryan Nugent-Hopkins in neutral zone.
0:19 of 3rd period - Shot by David Kampf.
0:19 of 3rd period - Stopped by Mikko Koskinen with a rebound.
0:42 of 3rd period - Calle Jarnkrok is hit by Brayden McNabb and loses puck.
1:05 of 3rd period - Shot by Jesse Puljujarvi.
1:05 of 3rd period - Stopped by Mikko Koskinen without a rebound.
1:06 of 3rd period - Jeff Carter wins face-off versus Nico Hischier in LAS VEGAS LIZARD KINGS zone.
1:28 of 3rd period - Icing by Evan Rodrigues.
1:29 of 3rd period - Paul Stastny wins face-off versus Jeff Carter in LAS VEGAS LIZARD KINGS zone.
1:56 of 3rd period - Shot by Jeff Carter.
1:56 of 3rd period - Stopped by James Reimer with a rebound.
2:33 of 3rd period - Shot by Nico Hischier.
2:33 of 3rd period - Shot Blocked by Jack Johnson.
2:35 of 3rd period - Shot by Brock Boeser.
2:35 of 3rd period - Shot Misses the Net.
2:37 of 3rd period - Shot by Brock Boeser.
2:37 of 3rd period - Shot Blocked by Jack Johnson.
2:41 of 3rd period - Shot by Brock Boeser.
2:41 of 3rd period - Shot Misses the Net.
3:16 of 3rd period - Off-side.
3:17 of 3rd period - Travis Boyd wins face-off versus Ryan Nugent-Hopkins in neutral zone.
4:02 of 3rd period - Johnny Gaudreau is hit by Jonas Siegenthaler and loses puck.
4:03 of 3rd period - Minor Penalty to Hampus Lindholm for Roughing.
4:04 of 3rd period - David Kampf wins face-off versus Jeff Carter in OAKLAND GORILLAS zone.
4:12 of 3rd period - Icing by Evan Rodrigues.
4:13 of 3rd period - Jeff Carter wins face-off versus Jesse Puljujarvi in LAS VEGAS LIZARD KINGS zone.
4:13 of 3rd period - Jeff Carter is hit by David Kampf.
5:29 of 3rd period - Nino Niederreiter is hit by Jonas Siegenthaler and loses puck.
6:10 of 3rd period - Shot by Brock Boeser.
6:10 of 3rd period - Stopped by Mikko Koskinen with a rebound.
6:26 of 3rd period - Shot by Conor Garland.
6:26 of 3rd period - Stopped by Mikko Koskinen with a rebound.
6:28 of 3rd period - Shot by Nico Hischier.
6:28 of 3rd period - Stopped by Mikko Koskinen without a rebound.
6:29 of 3rd period - Boone Jenner wins face-off versus Dylan Gambrell in LAS VEGAS LIZARD KINGS zone.
6:47 of 3rd period - Matt Roy is hit by Boone Jenner and loses puck.
7:24 of 3rd period - Shot by Brock Boeser.
7:24 of 3rd period - Shot Blocked by Drake Caggiula.
7:26 of 3rd period - Shot by Conor Garland.
7:26 of 3rd period - Stopped by Mikko Koskinen without a rebound.
7:27 of 3rd period - Jeff Carter wins face-off versus Paul Stastny in LAS VEGAS LIZARD KINGS zone.
7:27 of 3rd period - Jeff Carter is hit by Joel Farabee.
7:36 of 3rd period - Evan Rodrigues is hit by Hampus Lindholm and loses puck.
7:45 of 3rd period - Shot by Paul Stastny.
7:45 of 3rd period - Deflect By Jesse Puljujarvi.
7:45 of 3rd period - Shot Misses the Net.
7:51 of 3rd period - Shot by Paul Stastny.
7:51 of 3rd period - Shot Misses the Net.
9:10 of 3rd period - Shot by Ryan Nugent-Hopkins.
9:10 of 3rd period - Shot Blocked by Cameron York.
9:45 of 3rd period - Shot by Sean Monahan.
9:45 of 3rd period - Shot Misses the Net.
9:47 of 3rd period - Shot by Sean Monahan.
9:47 of 3rd period - Shot Misses the Net.
9:51 of 3rd period - Shot by Zemgus Girgensons.
9:51 of 3rd period - Stopped by James Reimer with a rebound.
9:53 of 3rd period - Shot by Matt Roy.
9:53 of 3rd period - Stopped by James Reimer without a rebound.
9:54 of 3rd period - Dylan Gambrell wins face-off versus Paul Stastny in OAKLAND GORILLAS zone.
9:55 of 3rd period - Shot by Drake Caggiula.
9:55 of 3rd period - Stopped by James Reimer with a rebound.
10:08 of 3rd period - John Klingberg is hit by Paul Stastny and loses puck.
10:29 of 3rd period - Shot by Joel Farabee.
10:29 of 3rd period - Deflect By Paul Stastny.
10:29 of 3rd period - Stopped by Mikko Koskinen without a rebound.
10:30 of 3rd period - Travis Boyd wins face-off versus Evan Rodrigues in LAS VEGAS LIZARD KINGS zone.
10:52 of 3rd period - Icing by Tyler Myers.
10:53 of 3rd period - Travis Boyd wins face-off versus Ryan Nugent-Hopkins in OAKLAND GORILLAS zone.
11:32 of 3rd period - Shot by Nino Niederreiter.
11:32 of 3rd period - Deflect By Johnny Gaudreau.
11:32 of 3rd period - Stopped by James Reimer without a rebound.
11:33 of 3rd period - Evan Rodrigues wins face-off versus Paul Stastny in OAKLAND GORILLAS zone.
11:34 of 3rd period - Shot by Jeff Carter.
11:34 of 3rd period - Shot Misses the Net.
11:51 of 3rd period - Shot by Paul Stastny.
11:51 of 3rd period - Goal by Paul Stastny - OAKLAND GORILLAS : 5 - LAS VEGAS LIZARD KINGS : 3.
11:52 of 3rd period - Sean Monahan wins face-off versus Nico Hischier in neutral zone.
12:53 of 3rd period - Jesse Puljujarvi is hit by Nino Niederreiter and loses puck.
12:54 of 3rd period - Jesse Puljujarvi from OAKLAND GORILLAS is injured at 12:54 of 3rd period (Torso).
12:55 of 3rd period - Paul Stastny wins face-off versus Jeff Carter in OAKLAND GORILLAS zone.
13:12 of 3rd period - Paul Stastny is hit by Matt Roy and loses puck.
13:23 of 3rd period - Shot by Joel Farabee.
13:23 of 3rd period - Stopped by Mikko Koskinen without a rebound.
13:24 of 3rd period - Ryan Nugent-Hopkins wins face-off versus Travis Boyd in LAS VEGAS LIZARD KINGS zone.
14:50 of 3rd period - Shot by Victor Olofsson.
14:50 of 3rd period - Shot Blocked by Paul Stastny.
14:59 of 3rd period - Nico Hischier is hit by Matt Roy and loses puck.
16:00 of 3rd period - Shot by Brandon Hagel.
16:00 of 3rd period - Shot Misses the Net.
16:02 of 3rd period - Shot by Sean Monahan.
16:02 of 3rd period - Stopped by James Reimer without a rebound.
16:03 of 3rd period - Dylan Gambrell wins face-off versus Boone Jenner in OAKLAND GORILLAS zone.
16:20 of 3rd period - Shot by Boone Jenner.
16:20 of 3rd period - Stopped by Mikko Koskinen without a rebound.
16:21 of 3rd period - Sean Monahan wins face-off versus Travis Boyd in LAS VEGAS LIZARD KINGS zone.
16:32 of 3rd period - Shot by Brandon Hagel.
16:32 of 3rd period - Shot Misses the Net.
16:56 of 3rd period - Shot by Calle Jarnkrok.
16:56 of 3rd period - Deflect By Travis Boyd.
16:56 of 3rd period - Shot Blocked by Sean Monahan.
17:00 of 3rd period - Shot by Travis Boyd.
17:00 of 3rd period - Shot Misses the Net.
17:42 of 3rd period - Shot by Conor Garland.
17:42 of 3rd period - Stopped by Mikko Koskinen without a rebound.
17:43 of 3rd period - Paul Stastny wins face-off versus Jeff Carter in LAS VEGAS LIZARD KINGS zone.
17:50 of 3rd period - Shot by Paul Stastny.
17:50 of 3rd period - Stopped by Mikko Koskinen without a rebound.
17:51 of 3rd period - Jeff Carter wins face-off versus Paul Stastny in LAS VEGAS LIZARD KINGS zone.
18:02 of 3rd period - Shot by Victor Olofsson.
18:02 of 3rd period - Shot Misses the Net.
18:14 of 3rd period - Evan Rodrigues is hit by Joel Farabee and loses puck.
18:44 of 3rd period - Martin Fehervary is hit by Jeff Carter and loses puck.
18:50 of 3rd period - Travis Boyd is hit by Evan Rodrigues and loses puck.
18:56 of 3rd period - Minor Penalty to John Klingberg for Cross-checking.
18:57 of 3rd period - Nico Hischier wins face-off versus Ryan Nugent-Hopkins in LAS VEGAS LIZARD KINGS zone.
19:02 of 3rd period - Shot by Nico Hischier.
19:02 of 3rd period - Goal by Nico Hischier - OAKLAND GORILLAS : 6 - LAS VEGAS LIZARD KINGS : 3.
19:03 of 3rd period - Ryan Nugent-Hopkins wins face-off versus Travis Boyd in neutral zone.
19:06 of 3rd period - Shot by Ryan Nugent-Hopkins.
19:06 of 3rd period - Shot Blocked by Zachary Werenski.
19:16 of 3rd period - Shot by Calle Jarnkrok.
19:16 of 3rd period - Stopped by Mikko Koskinen with a rebound.
19:18 of 3rd period - Shot by David Kampf.
19:18 of 3rd period - Stopped by Mikko Koskinen without a rebound.
19:19 of 3rd period - Paul Stastny wins face-off versus Matthew Nieto in LAS VEGAS LIZARD KINGS zone.
19:22 of 3rd period - Shot by Joel Farabee.
19:22 of 3rd period - Stopped by Mikko Koskinen without a rebound.
19:23 of 3rd period - Johnny Gaudreau wins face-off versus Paul Stastny in LAS VEGAS LIZARD KINGS zone.
19:29 of 3rd period - Paul Stastny is hit by Matt Roy and loses puck.
19:42 of 3rd period - Shot by Nico Hischier.
19:42 of 3rd period - Shot Blocked by Johnny Gaudreau.
19:44 of 3rd period - Shot by Paul Stastny.
19:44 of 3rd period - Goal by Paul Stastny - OAKLAND GORILLAS : 7 - LAS VEGAS LIZARD KINGS : 3.
19:45 of 3rd period - Jeff Carter wins face-off versus Travis Boyd in neutral zone.
19:48 of 3rd period - Zachary Werenski is hit by Jeff Carter and loses puck.
Goals for this period are 3 for OAKLAND GORILLAS vs 0 for LAS VEGAS LIZARD KINGS.
Shots for this period are 17 for OAKLAND GORILLAS vs 6 for LAS VEGAS LIZARD KINGS.


YEGOR
SHARANGOVICH
ALEX
IAFALLO
JAKOB
CHYCHRUN

EAST COAST

HOCKEY LEAGUE

  • 65.QUE3CHW1
  • 66.CHA1TRV6
  • 67.PITRHI
  • 68.ATLWOR